 Dungeon Crawl Stone Soup version 0.26-a0-812-g31a745ddcd (webtiles) character file.

Game seed: 14046032138815785305

37592 proaralyst the Blocker (level 13, -11/106 HPs)
             Began as a Minotaur Berserker on Dec 3, 2020.
             Was a High Priest of Trog.
             Mangled by a +1 vorpal glaive (16 damage)
             ... on level 2 of the Elven Halls.
             The game lasted 01:58:59 (15189 turns).

proaralyst the Blocker (Minotaur Berserker)        Turns: 15189, Time: 01:59:00

Health: -11/106    AC: 16    Str: 27    XL:     13   Next: 59%
Magic:  12/12      EV: 12    Int:  4    God:    Trog [*****.]
Gold:   1487       SH:  8    Dex: 16    Spells: 12/12 levels left

rFire    . . .     SeeInvis +   H - +9 flail (flame)
rCold    . . .     Faith    +   f - +0 buckler
rNeg     . . .     Spirit   .   b - +1 chain mail {MR+}
rPois    .         Reflect  .   (helmet restricted)
rElec    .         Harm     .   (no cloak)
rCorr    .         Rampage  .   w - +0 pair of gloves
MR       +++..                  q - +0 pair of boots
Stlth    ..........             h - amulet of faith
HPRegen  1.27/turn              i - ring of see invisible
MPRegen  0.13/turn              C - +6 ring of dexterity

@: berserk cooldown, regenerating, slowed, very slow
A: retaliatory headbutt, horns 2, rugged brown scales 1, frail 1
a: Berserk, Trog's Hand, Brothers in Arms, Renounce Religion


You were on level 2 of the Elven Halls.
You worshipped Trog.
Trog was extremely pleased with you.
You visited 4 branches of the dungeon, and saw 16 of its levels.

You collected 1679 gold pieces.
You spent 192 gold pieces at shops.

Inventory:

Hand Weapons
 v - a +0 dagger
 H - a +9 flail of flaming (weapon)
Missiles
 e - 20 poisoned darts (quivered)
 E - 3 datura-tipped darts
 I - 8 atropa-tipped darts
Armour
 b - a +1 chain mail of magic resistance (worn)
 f - a +0 buckler (worn)
 q - a +0 pair of boots (worn)
 w - a +0 pair of gloves (worn)
 F - a +0 tower shield
Jewellery
 d - an uncursed ring of poison resistance
 h - an amulet of faith (around neck)
 i - a ring of see invisible (left hand)
 j - an uncursed ring of ice
 l - an uncursed ring of protection from cold
 m - an uncursed ring of protection from fire
 y - an uncursed amulet of reflection
 B - an uncursed amulet of regeneration
 C - a +6 ring of dexterity (right hand)
Wands
 a - a wand of flame (20)
 o - a wand of digging (2)
 s - a wand of acid (14)
 u - a wand of iceblast (12)
 x - a wand of random effects (22)
 z - a wand of polymorph (13)
Scrolls
 c - 3 scrolls of teleportation
 n - 2 scrolls of magic mapping
 p - a scroll of enchant weapon
 t - 7 scrolls of remove curse
 A - 2 scrolls of blinking
 G - 3 scrolls of fear
 J - 3 scrolls of identify
 N - 2 scrolls of fog
Potions
 g - 5 potions of curing
 k - a potion of ambrosia
 r - a potion of magic
 D - a potion of berserk rage
Miscellaneous
 K - a box of beasts (inert)


   Skills:
 + Level 10.4 Fighting
   Level 5.2(10.9) Axes
 + Level 14.4(14.7) Maces & Flails
 + Level 8.3 Throwing
 + Level 10.1 Armour
 + Level 5.5 Dodging
 + Level 1.3 Stealth
 * Level 14.7 Shields
 + Level 1.3 Evocations


You had 12 spell levels left.
You didn't know any spells.
Your spell library contained the following spells:

 Spells                   Type           Power        Failure   Level
 Beastly Appendage        Tmut           #.....       95%         1
 Magic Dart               Conj           #...         95%         1
 Searing Ray              Conj           #.....       98%         2
 Wereblood                Tmut           #.......     98%         2
 Dazzling Flash           Conj/Hex       #.....       100%        3
 Spider Form              Tmut/Pois      #.........   100%        3
 Static Discharge         Conj/Air       #.......     100%        3
 Fulminant Prism          Conj/Hex       #.........   100%        4
 Ice Form                 Ice/Tmut       #.......     100%        4
 Iskenderun's Mystic Bla  Conj/Tloc      #.......     100%        4
 Blade Hands              Tmut           #.........   100%        5
 Lightning Bolt           Conj/Air       #.........   100%        5
 Ignition                 Fire           #.........   100%        8
 Shatter                  Erth           #.........   100%        9
 Tornado                  Air            #.........   100%        9


Dungeon Overview and Level Annotations

Branches:
Dungeon (11/15)            Temple (1/1) D:7            Lair (0/6) D:11
    Orc (2/2) D:10            Elf (2/3) Orc:2

Altars:
Ashenzari
Cheibriados
Elyvilon
Gozag
Hepliaklqana
Makhleb
Nemelex Xobeh
Okawaru
Qazlal
Ru
Trog
Uskayaw
Vehumet
Wu Jian
Xom
Yredelemnul
The Shining One
Beogh

Shops:
D:4 [   Orc:2 [*?[

Annotations:
Elf:1 3 runed translucent doors, Megustar's ghost, journeyman DEAE


Innate Abilities, Weirdness & Mutations

You reflexively headbutt those who attack you in melee.
You have a pair of horns on your head.
You are partially covered in rugged brown scales. (AC +1, +3% HP)
You are frail. (-10% HP)


Message History

The +1 vorpal glaive hits you but does no damage.
You hit the +1 vorpal glaive but do no damage.
The +1 vorpal glaive is almost destroyed.
The +1 vorpal glaive hits you!
* * * LOW HITPOINT WARNING * * *
x2 Your skin crawls.
You feel resistant to hostile enchantments.
The +1 vorpal glaive hits you!
* * * LOW HITPOINT WARNING * * *
x2 The +1 vorpal glaive hits you but does no damage.
You hit the +1 vorpal glaive.
You headbutt the +1 vorpal glaive, but do no damage.
The +1 vorpal glaive is almost destroyed.
The +1 vorpal glaive hits you.
* * * LOW HITPOINT WARNING * * *
x2 You hit the +1 vorpal glaive but do no damage.
Your headbutt misses the +1 vorpal glaive.
The +1 vorpal glaive is severely damaged.
The +1 vorpal glaive hits you!
You die...

#... ####...##
........+ ######
........######....#
........##<.##...# #
........##...#...# ..#
........###..#...#..#
.......@..###.)...####
..$...(^H....)........
.......#.......)......
......##..............
+##### #..###.....####
+.## +#.=.#.. #.#
#...#... ### #...# .<#
#....# ##


You could see a +1 vorpal glaive and a friendly larval weirdsting beast
(summoned).

Vanquished Creatures
  Saint Roka (Orc:2)
  A stone giant (Orc:1)
  A deep elf annihilator (Elf:1)
  2 ogre magi (Orc:2)
  A hydra (D:11)
  10 two-headed ogres
  2 unseen horrors (D:11)
  2 deep trolls (Orc:2)
  An orc knight (Orc:2)
  An orc sorcerer (Orc:1)
  12 deep elf magi
  2 cyclopes (Orc:2)
  A manticore (D:11)
  A centaur skeleton (D:11)
  10 trolls
  Prince Ribbit (D:6)
  10 yaks
  2 water elementals (Elf:1)
  A shadow (D:11)
  3 fire elementals
  Sigmund (D:5)
  A wraith (D:10)
  Eustachio (D:6)
  3 vampire mosquitoes (D:9)
  Edmund (D:6)
  8 wargs
  Duvessa (D:5)
  A water moccasin (D:6)
  7 orc warriors
  2 ice beasts
  4 sky beasts
  2 black bears (D:6)
  An eye of draining (D:9)
  2 necrophages (D:8)
  27 ogres
  2 phantoms
  3 centaurs
  4 lemures (D:7)
  A big kobold (D:9)
  4 bullfrogs
  7 scorpions
  Dowan (D:5)
  4 killer bees (D:9)
  A howler monkey (D:11)
  4 crimson imps (D:4)
  4 hounds
  2 jellies
  A centaur zombie (D:5)
  10 orc priests
  A gnoll shaman (D:6)
  3 iguanas
  16 orc wizards
  6 worker ants
  A killer bee zombie (D:7)
  A hound skeleton (D:5)
  A worker ant zombie (D:6)
  41 gnolls
  11 adders
  A shadow imp (D:6)
  A white imp (D:6)
  3 adder skeletons
  3 worms
  A dart slug (D:3)
  4 leopard geckos
  53 orcs
  6 bats
  A bat zombie (D:2)
  4 giant cockroaches
  3 goblins
  3 hobgoblins
  27 jackals
  9 kobolds
  5 quokkas
  A frilled lizard (D:1)
  A leopard gecko zombie (D:8)
  26 rats
  A rat zombie (D:2)
409 creatures vanquished.

Vanquished Creatures (collateral kills)
  An orc warlord (Orc:2)
  Pikel (D:7)
  An orc sorcerer (Orc:2)
  7 orc warriors
  2 ogres (Orc:1)
  3 orc priests
  An orc wizard (Orc:1)
  6 orcs
22 creatures vanquished.

Vanquished Creatures (others)
  16 plants
16 creatures vanquished.

Grand Total: 447 creatures vanquished

Notes
Turn   | Place    | Note
-------+----------+-------------------------------------------
     0 | D:1      | proaralyst the Minotaur Berserker began the quest for the
                  | Orb.
     0 | D:1      | Reached XP level 1. HP: 19/19 MP: 0/0
   216 | D:1      | Reached XP level 2. HP: 27/27 MP: 1/1
   973 | D:2      | Reached XP level 3. HP: 20/33 MP: 2/2
  1445 | D:2      | You fall into a shaft and drop 1 floor!
  1542 | D:3      | Reached XP level 4. HP: 41/41 MP: 3/3
  1675 | D:3      | Reached skill level 1 in Throwing
  1718 | D:3      | Reached ** piety under Trog
  2287 | D:3      | Found a snail-covered altar of Cheibriados.
  2586 | D:4      | Reached XP level 5. HP: 47/47 MP: 4/4
  2589 | D:4      | Reached skill level 5 in Axes
  2789 | D:4      | Reached skill level 1 in Maces & Flails
  2789 | D:4      | Reached XP level 6. HP: 55/55 MP: 5/5
  2821 | D:4      | Found a shimmering altar of Xom.
  2829 | D:4      | Reached skill level 5 in Fighting
  2864 | D:4      | Found Zemm's Antique Armour Shoppe.
  3112 | D:4      | Reached XP level 7. HP: 51/61 MP: 6/6
  3414 | D:4      | Reached *** piety under Trog
  3550 | D:5      | Entered Level 5 of the Dungeon
  3553 | D:5      | Reached skill level 5 in Armour
  3763 | D:5      | Noticed Sigmund
  3941 | D:5      | Killed Sigmund
  3941 | D:5      | Reached skill level 1 in Shields
  4017 | D:5      | Noticed Dowan
  4018 | D:5      | Found a bloodstained altar of Trog.
  4019 | D:5      | Noticed Duvessa
  4035 | D:5      | Killed Dowan
  4045 | D:5      | Killed Duvessa
  4045 | D:5      | Reached skill level 5 in Maces & Flails
  4045 | D:5      | Reached XP level 8. HP: 53/70 MP: 7/7
  4646 | D:5      | Found a hazy altar of Hepliaklqana.
  4711 | D:6      | Noticed Edmund
  4723 | D:6      | Killed Edmund
  4762 | D:6      | Found a burning altar of Makhleb.
  5133 | D:6      | Reached **** piety under Trog
  5133 | D:6      | Noticed Eustachio
  5283 | D:6      | Killed Eustachio
  5350 | D:6      | Reached XP level 9. HP: 78/78 MP: 8/8
  5834 | D:6      | Reached ***** piety under Trog
  5943 | D:6      | Noticed Prince Ribbit
  6122 | D:6      | Killed Prince Ribbit
  6485 | D:7      | Found a sparkling altar of Nemelex Xobeh.
  6518 | D:7      | Noticed Pikel
  6580 | D:7      | Killed Pikel
  6580 | D:7      | Reached skill level 5 in Shields
  6820 | D:7      | Found a staircase to the Ecumenical Temple.
  6848 | Temple   | Entered the Ecumenical Temple
  6990 | D:7      | Found a radiant altar of Vehumet.
  7067 | D:7      | Found a glowing golden altar of the Shining One.
  7104 | D:7      | Gained mutation: You are frail. (-10% HP) [potion of
                  | mutation]
  7104 | D:7      | Gained mutation: You are partially covered in rugged brown
                  | scales. (AC +1, +3% HP) [potion of mutation]
  7625 | D:8      | Reached XP level 10. HP: 70/79 MP: 9/9
  7773 | D:8      | Reached skill level 10 in Maces & Flails
  8037 | D:8      | Received a gift from Trog
  8452 | D:9      | Found an opulent altar of Gozag.
  8633 | D:9      | Reached skill level 5 in Throwing
  8830 | D:9      | Found an iron altar of Okawaru.
  8923 | D:10     | Entered Level 10 of the Dungeon
  9080 | D:10     | Found an opulent altar of Gozag.
  9525 | D:10     | Found a staircase to the Orcish Mines.
  9873 | D:11     | Noticed an unseen horror
  9887 | D:11     | Killed an unseen horror
  9887 | D:11     | Reached XP level 11. HP: 83/88 MP: 10/10
  9969 | D:11     | Found a staircase to the Lair.
 10039 | D:11     | Noticed an unseen horror
 10048 | D:11     | Killed an unseen horror
 10069 | D:11     | Reached ****** piety under Trog
 10083 | D:11     | Noticed a two-headed ogre
 10094 | D:11     | Killed a two-headed ogre
 10097 | D:11     | Reached skill level 10 in Shields
 10155 | D:11     | Received a gift from Trog
 10325 | D:11     | Noticed a four-headed hydra
 10332 | D:11     | Killed a four-headed hydra
 10529 | D:11     | Noticed a fire giant
 10529 | D:11     | Noticed a frost giant
 10611 | Orc:1    | Entered Level 1 of the Orcish Mines
 10611 | Orc:1    | Noticed an orc sorcerer
 10861 | Orc:1    | Killed an orc sorcerer
 10931 | Orc:1    | Noticed a stone giant
 10945 | Orc:1    | Killed a stone giant
 11153 | Orc:1    | Found a roughly hewn altar of Beogh.
 11262 | Orc:2    | Entered Level 2 of the Orcish Mines
 11262 | Orc:2    | Noticed a two-headed ogre
 11262 | Orc:2    | Noticed an orc knight
 11276 | Orc:2    | Killed a two-headed ogre
 11276 | Orc:2    | Reached skill level 1 in Stealth
 11301 | Orc:2    | Killed an orc knight
 11582 | Orc:2    | Noticed an orc warlord
 11588 | Orc:2    | Reached XP level 12. HP: 96/96 MP: 11/11
 11602 | Orc:2    | Killed an orc warlord
 11611 | Orc:2    | Received a gift from Trog
 11648 | Orc:2    | Found a staircase to the Elven Halls.
 11662 | Orc:2    | Noticed Saint Roka
 12122 | Orc:2    | Killed Saint Roka
 12122 | Orc:2    | Reached skill level 5 in Dodging
 12654 | Orc:2    | Found Senwinn's Magic Scroll Shop.
 12654 | Orc:2    | Noticed a two-headed ogre
 12656 | Orc:2    | Noticed an ogre mage
 12841 | Orc:2    | Killed a two-headed ogre
 12950 | Orc:2    | Noticed a two-headed ogre
 12950 | Orc:2    | Noticed a two-headed ogre
 12972 | Orc:2    | HP: 3/97 [two-headed ogre/+0 giant club (5)]
 13045 | Orc:1    | Killed a two-headed ogre
 13529 | Orc:2    | Noticed a two-headed ogre
 13537 | Orc:2    | Killed a two-headed ogre
 13540 | Orc:2    | Killed a two-headed ogre
 13618 | Orc:2    | Reached skill level 1 in Evocations
 13680 | Orc:2    | Noticed a two-headed ogre
 13691 | Orc:2    | Killed a two-headed ogre
 13691 | Orc:2    | Reached XP level 13. HP: 94/105 MP: 12/12
 13736 | Orc:2    | Found Xodeu's Armour Boutique.
 13756 | Orc:2    | Reached skill level 10 in Fighting
 13769 | Orc:2    | Found Titt's Antique Armour Emporium.
 14022 | Orc:2    | Found Haxzecum's General Store.
 14036 | Orc:2    | Bought a scroll of fear for 42 gold pieces
 14036 | Orc:2    | Bought a scroll of identify for 24 gold pieces
 14041 | Orc:2    | Bought a +0 buckler for 63 gold pieces
 14053 | Orc:2    | Bought a +0 pair of gloves for 63 gold pieces
 14269 | Elf:1    | Entered Level 1 of the Elven Halls
 14279 | Elf:1    | Found a runed translucent gate.
 14279 | Elf:1    | Found a runed translucent gate.
 14280 | Elf:1    | Found a runed translucent gate.
 14280 | Elf:1    | Noticed a stone giant
 14280 | Elf:1    | Noticed a frost giant
 14281 | Elf:1    | Noticed Megustar's ghost (journeyman DEAE)
 14281 | Elf:1    | Noticed a merfolk impaler
 14281 | Elf:1    | Noticed a stone giant
 14282 | Elf:1    | Found an iron altar of Okawaru.
 14282 | Elf:1    | Noticed a minotaur
 14283 | Elf:1    | Noticed a deep elf master archer
 14421 | Elf:1    | Noticed a deep elf annihilator
 14572 | Elf:1    | Killed a deep elf annihilator
 14577 | Elf:1    | Reached skill level 10 in Armour
 14642 | Elf:1    | Identified the Papyrus of Conjuration
 15187 | Elf:2    | HP: 5/106 [+1 vorpal glaive (3)]
 15189 | Elf:2    | Mangled by a +1 vorpal glaive

Illustrated notes

Levels and vault maps discovered:
D:1:      psy_arrival_basics, layout_loops_ring, serial_bayou_pond_c
D:2:      minmay_evil_eye, layout_basic, tgw_fedhas,
          lemuel_zombie_altar_kikubaaqudgha, nicolae_underground_beach
D:3:      layout_loops_corners, overflow_temple_1_default
D:4:      layout_basic, led_xom_imps, serial_shops, shop_statue, minmay_rat_hole
D:5:      layout_basic, nicolae_overflow_hidden_temple,
          trog_three_pillars_becter, uniq_duvessa, uniq_sigmund
D:6:      lemuel_castle_with_subvaults [lemuel_castle_interior_carwin_1],
          layout_rooms, kennysheep_mini, ldierk_geyser,
          chequers_serial_rivers_micro_e, uniq_prince_ribbit1, uniq_eustachio,
          uniq_edmund
D:7:      layout_cave_pools, vehumet_crystals,
          nemelex_xobeh_ov_fountains_minmay, lemuel_doored_altar,
          minmay_temple_entry_junction, uniq_pikel, uniq_crazy_yiuf_cottage
D:8:      layout_cave_pools, hangedman_decor_diamond_cutter
D:9:      layout_roguey, lemuel_round_altar, kennysheep_mini_moat
D:10:     layout_loops_ring, david_orc_1_choice, basic_altar
D:11:     minmay_tearing_corner, layout_rooms, lair_entry_dummy
Temple:   minmay_temple_curvy_loop
Orc:1:    layout_caves, basic_altar
Orc:2:    st_orc_open, layout_diamond_mine, uniq_saint_roka
Elf:1:    layout_loops_ring, gammafunk_ghost_fury_of_okawaru,
          minmay_elf_annihilation
Elf:2:    layout_gridlike, ebering_ghost_reflecting_pool, mu_enter_wizlab_7,
          grunt_ministairs_6, st_stairs_14, serial_sigils_hangedman_carve,
          einodemon_barbed_minivault, uniq_aizul

Skill      XL: |  1  2  3  4  5  6  7  8  9 10 11 12 13 |
---------------+----------------------------------------+-----
Fighting       | 4 5 6 7 8 9 10 | 10.4
Axes           | 4 5 |  5.2
Armour         | 3 4 5 6 7 8 9 10 | 10.1
Throwing       | 1 2 3 4 5 6 7 8 |  8.3
Maces & Flails | 1 3 5 7 9 11 12 13 14 | 14.4
Dodging        | 3 4 5 |  5.5
Shields        | 1 3 5 8 11 13 14 | 14.7
Stealth        | 1 |  1.3
Evocations     | 1 |  1.3

Action                   |  1- 3 |  4- 6 |  7- 9 | 10-12 | 13-15 || total
-------------------------+-------+-------+-------+-------+-------++-------
Melee: Hand axe          |    84 |    23 |       |       |       ||   107
       Headbutt          |    10 |    14 |    77 |   115 |    31 ||   247
       Flail             |       |    67 |   400 |   396 |    95 ||   958
Throw: Stone             |    33 |    31 |   109 |    19 |       ||   192
       Dart              |     1 |       |       |    94 |    14 ||   109
Invok: Berserk           |       |     3 |    11 |    13 |     3 ||    30
       Trog's Hand       |       |       |     1 |       |     3 ||     4
       Brothers in Arms  |       |       |     2 |     2 |       ||     4
Evoke: Wand              |       |       |       |     6 |       ||     6
       Box of beasts     |       |       |       |       |     1 ||     1
  Use: Scroll            |     4 |     4 |     5 |    14 |     3 ||    30
       Potion            |     2 |       |     8 |     2 |       ||    12
 Stab: Fleeing           |       |       |       |     1 |       ||     1
Armor: Animal skin       |    10 |       |       |       |       ||    10
       Scale mail        |    14 |    26 |    30 |       |       ||    70
       Chain mail        |       |       |   132 |    80 |    18 ||   230
       Skin              |       |       |     4 |       |       ||     4
Dodge: Dodged            |    46 |    33 |   117 |    67 |    28 ||   291
Block: Buckler           |     1 |    15 |    57 |       |    18 ||    91
       Reflection        |       |       |     1 |       |       ||     1
       Tower shield      |       |       |   163 |   312 |    32 ||   507

Table legend: (Time is in decaauts)
 A = Elapsed time spent in this place.
 B = Non-inter-level travel time spent in this place.
 C = Inter-level travel time spent in this place.
 D = Time resting spent in this place.
 E = Time spent auto-exploring this place.
 F = Levels seen in this place.
 G = Mean time per level.
                   A        B        C        D        E       F      G
               +--------+--------+--------+--------+--------+-----+--------+
         Total |  15427 |  15343 |     84 |   3961 |   4909 |  16 |  964.2 |
       Dungeon |  10914 |  10864 |     50 |   2005 |   4138 |  11 |  992.2 |
        Temple |    121 |    121 |      0 |      0 |     89 |   1 |  121.0 |
  Orcish Mines |   3589 |   3555 |     34 |   1913 |    570 |   2 | 1794.5 |
   Elven Halls |    802 |    802 |      0 |     42 |    112 |   2 |  401.0 |
               +--------+--------+--------+--------+--------+-----+--------+

Top non-repeatable levels by time:
   Orc:2: 1975 daAuts
     D:6: 1625 daAuts
   Orc:1: 1613 daAuts
    D:10: 1238 daAuts
     D:3: 1211 daAuts
     D:4: 1184 daAuts
     D:5: 1074 daAuts
     D:1: 925 daAuts
     D:7: 904 daAuts
     D:8: 778 daAuts
   Elf:1: 764 daAuts
     D:9: 744 daAuts
    D:11: 691 daAuts
     D:2: 535 daAuts
  Temple: 121 daAuts
